 Dungeon Crawl Stone Soup version 0.25.0-9-g26727b657a (webtiles) character file.

Game seed: 674820802592153588

51 vurker the Vexing (level 3, -2/28 HPs)
             Began as a Gnoll Arcane Marksman on June 19, 2020.
             Slain by an adder (3 damage)
             ... on level 2 of the Dungeon.
             The game lasted 00:02:38 (1870 turns).

vurker the Vexing (Gnoll Arcane Marksman)           Turns: 1870, Time: 00:02:39

Health: -2/28      AC:  7    Str: 11 (12) XL:     3   Next: 81%
Magic:  7/7        EV: 12    Int: 15 (16) God:
Gold:   49         SH:  0    Dex: 12 (15) Spells: 6/7 levels left

rFire    . . .     SeeInvis .   j - +0 whip
rCold    + . .     Gourm    .   (no shield)
rNeg     . . .     Faith    .   m - +2 ring mail {rC+}
rPois    .         Spirit   .   (no helmet)
rElec    .         Reflect  .   (no cloak)
rCorr    .         Harm     .   (no gloves)
MR       .....                  (no boots)
Stlth    +.........             (no amulet)
HPRegen  0.09/turn              (no ring)
MPRegen  0.10/turn              (no ring)

@: lethally poisoned (-2 -> -13), invisible
A: distributed training, fangs 1, strong nose
a: no special abilities


You were on level 2 of the Dungeon.
You were not hungry.

You visited 1 branch of the dungeon, and saw 2 of its levels.

You collected 49 gold pieces.

Inventory:

Hand Weapons
 f - a +0 short sword
   (You found it on level 1 of the Dungeon)
 j - a +0 whip (weapon)
   (You took it off a kobold on level 1 of the Dungeon)
Missiles
 c - 5 javelins (quivered)
 d - 2 throwing nets
Armour
 m - a +2 ring mail of cold resistance (worn)
   (You took it off a kobold on level 1 of the Dungeon)
Scrolls
 b - a scroll of random uselessness {unknown}
 h - a scroll of teleportation {unknown}
 i - 3 scrolls of enchant weapon {unknown}
 l - a scroll of remove curse {unknown}
Potions
 o - a potion of curing {unknown}
Comestibles
 a - 2 chunks of flesh
 e - 4 rations


   Skills:
 + Level 2.6 Fighting
 + Level 0.9 Short Blades
 + Level 0.9 Long Blades
 + Level 0.9 Axes
 + Level 0.9 Maces & Flails
 + Level 0.9 Polearms
 + Level 0.9 Staves
 + Level 0.9 Slings
 + Level 0.9 Bows
 + Level 0.9 Crossbows
 + Level 4.5 Throwing
 + Level 0.9 Armour
 + Level 4.5 Dodging
 + Level 0.9 Stealth
 + Level 0.9 Shields
 + Level 0.9 Unarmed Combat
 + Level 2.8 Spellcasting
 + Level 0.6 Conjurations
 + Level 5.4 Hexes
 + Level 0.6 Charms
 + Level 0.6 Summonings
 + Level 0.6 Necromancy
 + Level 0.6 Translocations
 + Level 0.6 Transmutations
 + Level 0.6 Fire Magic
 + Level 0.6 Ice Magic
 + Level 0.6 Air Magic
 + Level 0.6 Earth Magic
 + Level 0.6 Poison Magic
 + Level 1.0 Invocations
 + Level 0.9 Evocations


You had 6 spell levels left.
You knew the following spells:

 Your Spells              Type           Power        Failure   Level  Hunger
a - Corona                Hex            ###....      5%          1    #......

Your spell library contained the following spells:

 Spells                   Type           Power        Failure   Level  Hunger
 Slow                     Hex            ###.....     9%          2    ##.....
 Inner Flame              Hex/Fire       ##......     38%         3    ###....
 Portal Projectile        Hex/Tloc       ##....       38%         3    ###....
 Cause Fear               Hex            ###.......   47%         4    #####..
 Leda's Liquefaction      Hex/Erth       ##........   80%         4    #####..


Dungeon Overview and Level Annotations

Branches:
Dungeon (2/15)

Altars:


Innate Abilities, Weirdness & Mutations

Your experience applies equally to all skills.
You have very sharp teeth.
Your uncanny sense of smell can sniff out nearby items.


Message History

You hit the adder. The adder bites you but does no damage.
Some of the chunks of flesh in your inventory have rotted away.
You miss the adder. The adder bites you.
The adder bites you but does no damage.
You hit the adder. The adder bites you but does no damage.
You barely miss the adder. The adder bites you. The adder closely misses you.
You closely miss the adder. The adder bites you but does no damage.
You hit the adder. The adder closely misses you.
You closely miss the adder. You bite the adder, but do no damage.
The adder bites you.
You are poisoned.
The adder poisons you! The adder barely misses you.
You barely miss the adder. You bite the adder, but do no damage.
You feel sick. The adder barely misses you.
You barely miss the adder. The adder bites you but does no damage.
You hit the adder but do no damage. You bite the adder, but do no damage.
You feel sick. The adder completely misses you. The adder bites you.
You hit the adder but do no damage. The adder bites you.
You are more poisoned.
The adder poisons you!
You barely miss the adder.
You feel sick. The adder closely misses you.
You barely miss the adder. Your punch misses the adder. The adder bites you.
* * * LOW HITPOINT WARNING * * *
The adder bites you.
* * * LOW HITPOINT WARNING * * *
You are lethally poisoned!
The adder poisons you!
Okay, then.
You closely miss the adder.
* * * LOW HITPOINT WARNING * * *
You feel sick. The adder bites you.
* * * LOW HITPOINT WARNING * * *
Unknown command.
It was a potion of degeneration.
There was something very wrong with that liquid.
You feel weakened.
You feel dopey.
You feel clumsy.
* * * LOW HITPOINT WARNING * * *
You feel sick. The adder bites you.
* * * LOW HITPOINT WARNING * * *
Unknown command.
It was a potion of magic.
Magic courses through your body.
* * * LOW HITPOINT WARNING * * *
You feel sick. The adder barely misses you.
The adder bites you but does no damage.
Unknown command.
It was a potion of invisibility.
You fade into invisibility!
* * * LOW HITPOINT WARNING * * *
You feel sick. The adder bites you.
You die...

.....# ..... ∆
.... ... ..## ..#
#.# #S# ∆ #.. #@#
#.. #.# #..####.#
###.......# #
#.......#######
#.##..............
........÷########
##..###.##
#.......#


You could see an adder.

Vanquished Creatures
  An adder (D:2)
  A worm (D:1)
  2 leopard geckos (D:1)
  3 bats (D:1)
  2 giant cockroaches (D:1)
  4 goblins
  6 hobgoblins (D:1)
  3 jackals (D:1)
  4 kobolds
  A quokka (D:1)
  3 frilled lizards (D:1)
  3 rats (D:1)
33 creatures vanquished.

Notes
Turn   | Place    | Note
-------+----------+-------------------------------------------
     0 | D:1      | vurker the Gnoll Arcane Marksman began the quest for the
                  | Orb.
     0 | D:1      | Reached XP level 1. HP: 17/17 MP: 4/4
    92 | D:1      | Reached XP level 2. HP: 13/23 MP: 5/5
  1032 | D:1      | Reached XP level 3. HP: 22/28 MP: 7/7
  1829 | D:2      | Reached skill level 1 in Invocations
  1870 | D:2      | HP: 1/28 [poisoned by an adder]
  1870 | D:2      | Slain by an adder

Illustrated notes

Levels and vault maps discovered:
D:1:      mrwooster_arrival_statue, layout_loops_ring, minmay_bisected
D:2:      layout_loops_cross, kennysheep_small_spiral

Skill      XL: |  1  2  3 |
---------------+----------+-----
Invocations    | 1 |  1.0
Fighting       | |  2.6
Short Blades   | |  0.9
Long Blades    | |  0.9
Axes           | |  0.9
Maces & Flails | |  0.9
Polearms       | |  0.9
Staves         | |  0.9
Slings         | |  0.9
Bows           | |  0.9
Crossbows      | |  0.9
Throwing       | |  4.5
Armour         | |  0.9
Dodging        | |  4.5
Stealth        | |  0.9
Shields        | |  0.9
Unarmed Combat | |  0.9
Spellcasting   | |  2.8
Conjurations   | |  0.6
Hexes          | |  5.4
Charms         | |  0.6
Summonings     | |  0.6
Necromancy     | |  0.6
Translocations | |  0.6
Transmutations | |  0.6
Fire Magic     | |  0.6
Ice Magic      | |  0.6
Air Magic      | |  0.6
Earth Magic    | |  0.6
Poison Magic   | |  0.6
Evocations     | |  0.9

Action                   || total
-------------------------++-------
Melee: Short sword       ||   110
       Bite              ||    22
       Whip              ||    65
       Punch             ||     1
  Use: Potion            ||     3
  Eat: Chunk             ||     3
Armor: Robe              ||    23
       Ring mail         ||    17
Dodge: Dodged            ||   144
